 Dungeon Crawl Stone Soup version 0.29.0-4-gdea44cf6ec (webtiles) character file.

Game seed: 10950767494401475688

60 qw the Ruffian (level 4, 0/35 HPs)
             Began as a Ghoul Fire Elementalist on Aug 29, 2022.
             Slain by an orc
             ... wielding a +0 trident
              (1 damage)
             ... on level 3 of the Dungeon.
             The game lasted 00:02:08 (2571 turns).

qw the Ruffian (Ghoul Fire Elementalist)            Turns: 2571, Time: 00:02:09

Health: 0/35       AC:  9    Str: 13    XL:     4   Next: 6%
Magic:  5/5        EV:  9    Int: 10    God:
Gold:   146        SH:  0    Dex:  9    Spells: 5/6 levels left

rFire   . . .      SeeInvis .     - Unarmed
rCold   + . .      Faith    .   (no shield)
rNeg    + + +      Spirit   .   k - +0 scale mail
rPois   inf        Reflect  .   (no helmet)
rElec   .          Harm     .   (no cloak)
rCorr   .          Rampage  .   (no gloves)
Will    .....                   c - +2 pair of boots
Stlth   ..........              (no amulet)
HPRegen 0.00/turn               (no ring)
MPRegen 0.09/turn               (no ring)

@: inhibited regen
A: claws 1, cold resistance 1, negative energy resistance 3, inhibited
regeneration, torment resistance 2, devour on kill
a: no special abilities


You were on level 3 of the Dungeon.
You visited 1 branch of the dungeon, and saw 3 of its levels.

You collected 146 gold pieces.


Innate Abilities, Weirdness & Mutations

You are immune to poison.
You have sharp fingernails.
Your flesh is cold resistant. (rC+)
You are immune to negative energy. (rN+++)
You do not regenerate when monsters are visible.
You are immune to unholy pain and torment.
You thrive by killing the living.


   Skills:
 - Level 1.0 Fighting
 - Level 1.7 Dodging
 - Level 2.1 Stealth
 + Level 3.6 Unarmed Combat
 - Level 1.7 Spellcasting
 - Level 0.7 Conjurations
 - Level 2.4 Fire Magic


You had 5 spell levels left.
You knew the following spells:

 Your Spells              Type           Power      Damage    Failure   Level
a - Foxfire               Conj/Fire      16%        2x1d4     63%         1

Your spell library contained the following spells:

 Spells                   Type           Power      Damage    Failure   Level
 Scorch                   Fire           10%        2d6       65%         2
 Conjure Flame            Conj/Fire      4%         6-21      94%         3
 Inner Flame              Hex/Fire       3%         N/A       96%         3
 Flame Wave               Conj/Fire      4%         2d5       100%        4

Inventory:

Armour
 c - a +2 pair of boots (worn)
 k - a +0 scale mail (worn)
Jewellery
 h - a ring of ice
Scrolls
 a - a scroll of fear {unknown}
 g - a scroll of identify
Potions
 i - a potion of haste
 j - 3 potions of curing

Dungeon Overview and Level Annotations

Branches:
Dungeon (3/15)

Altars:


Message History

The orc priest is lightly wounded.
The orc closely misses you.
The orc priest looks braver for a moment.
The orc hits you from afar with a +0 trident.
You barely miss the orc priest.
The orc priest is lightly wounded.
The orc hits you with a +0 falchion.
The orc priest hits you with a +0 dagger.
The orc closely misses you.
You scratch the orc priest but do no damage.
The orc priest is lightly wounded.
The orc closely misses you.
The orc priest hits you but does no damage.
The orc barely misses you.
You scratch the orc priest.
The orc priest is moderately wounded.
The orc hits you but does no damage.
The orc priest hits you but does no damage.
The orc hits you from afar with a +0 trident.
You scratch the orc priest but do no damage.
The orc priest is moderately wounded.
The orc barely misses you.
The orc priest hits you but does no damage.
The orc misses you.
You barely miss the orc priest. You claw the orc priest.
The orc priest is heavily wounded.
The orc hits you but does no damage.
The orc priest hits you but does no damage.
The orc closely misses you.
You barely miss the orc priest. Your claw misses the orc priest.
The orc priest is heavily wounded.
The orc hits you with a +0 falchion.
The orc priest hits you but does no damage.
The orc closely misses you.
You scratch the orc priest but do no damage.
The orc priest is heavily wounded.
The orc barely misses you.
The orc priest hits you with a +0 dagger.
The orc hits you from afar with a +0 trident.
You die...

.... #.......# ......
#.......# o[....
#......##
..o....##......####
#...!.............## #
#...###.......#..#.. #
#..##.............
##o##o...........###
#...@oo......#.....#
#.....####..##..#.###.#
##### ......#...###.#.
###..#........... #
....##...###.... ##.#.
......#.## ...
#.....###.###..##....
......%<.............
#...######.###.##....


You could see an orc priest and 3 orcs.

Vanquished Creatures
  An adder (D:2)
  2 worms
  A dart slug (D:1)
  6 endoplasms
  2 giant cockroaches
  3 hobgoblins
  A quokka (D:2)
  4 ball pythons
  3 bats
  3 frilled lizards
  6 goblins
  4 kobolds (D:1)
  6 rats
42 creatures vanquished.

Notes
Turn   | Place    | Note
-------+----------+-------------------------------------------
     0 | D:1      | qw the Ghoul Fire Elementalist began the quest for the Orb.
     0 | D:1      | Reached XP level 1. HP: 14/14 MP: 2/2
     0 | D:1      | 0 ||| qw: Version: 0.1-a-90-g952f4b7
     0 | D:1      | 0 ||| qw: Game counter: 4172
     0 | D:1      | 0 ||| qw: Always use a shield: true
     0 | D:1      | 0 ||| qw: God list: Okawaru
     0 | D:1      | 0 ||| qw: Allow faded altars: false
     0 | D:1      | 0 ||| qw: Do Orc after D:15 true
     0 | D:1      | 0 ||| qw: Do second Lair branch before Depths: true
     0 | D:1      | 0 ||| qw: Lair rune preference: random
     0 | D:1      | 0 ||| qw: Plans: Normal
     0 | D:1      | 0 ||| PLANNING D:1-11
   122 | D:1      | Reached skill level 1 in Unarmed Combat
   346 | D:1      | Reached skill level 1 in Fighting
   346 | D:1      | Reached XP level 2. HP: 21/23 MP: 3/3
   623 | D:1      | 623 ||| Stepping ~*~*~tactically~*~*~ (stealth).
   624 | D:1      | 624 ||| Stepping ~*~*~tactically~*~*~ (stealth).
   625 | D:1      | 625 ||| Stepping ~*~*~tactically~*~*~ (stealth).
   681 | D:1      | Reached skill level 2 in Unarmed Combat
   759 | D:1      | Found a faded altar of an unknown god.
   947 | D:1      | 947 ||| Stepping ~*~*~tactically~*~*~ (stealth).
   958 | D:1      | 958 ||| Stepping ~*~*~tactically~*~*~ (stealth).
  1011 | D:1      | Reached XP level 3. HP: 18/28 MP: 4/4
  1247 | D:1      | 1247 ||| UPGRADING to +0 ring mail.
  1257 | D:1      | 1257 ||| DROPPING +0 robe.
  1258 | D:1      | 1258 ||| READING scroll labelled FIDUSKUNLARPH.
  1259 | D:1      | 1259 ||| READING 2 scrolls labelled ISUTWI LAXT.
  1260 | D:1      | 1260 ||| READING scroll labelled XUTRIMM UNIUKLO.
  1261 | D:1      | 1261 ||| READING scroll labelled JONUIH CIAVO.
  1262 | D:1      | 1262 ||| DROPPING potion of magic.
  1500 | D:2      | Reached skill level 3 in Unarmed Combat
  1762 | D:2      | 1762 ||| Stepping ~*~*~tactically~*~*~ (stealth).
  1774 | D:2      | 1774 ||| FLEEEEING.
  1775 | D:2      | 1775 ||| FLEEEEING.
  1776 | D:2      | 1776 ||| FLEEEEING.
  1777 | D:2      | 1777 ||| FLEEEEING.
  2222 | D:2      | 2222 ||| UPGRADING to +2 pair of boots.
  2227 | D:2      | 2227 ||| UPGRADING to +0 scale mail.
  2237 | D:2      | 2237 ||| DROPPING +0 ring mail.
  2238 | D:2      | 2238 ||| READING 2 scrolls labelled OSHOWKI CEAN.
  2239 | D:2      | 2239 ||| READING scroll labelled HOOGYF BATWUP.
  2340 | D:2      | 2340 ||| READING scroll labelled LOBLOA WEJI.
  2341 | D:2      | 2341 ||| READING scroll labelled SAUBUR ERCHEOK.
  2342 | D:2      | 2342 ||| DRINKING 2 fizzy golden potions.
  2343 | D:2      | 2343 ||| DRINKING 2 bubbling amethyst potions.
  2344 | D:2      | 2344 ||| DRINKING 4 smoky inky potions.
  2345 | D:2      | 2345 ||| DROPPING scroll of fog.
  2381 | D:3      | 2381 ||| STAIRDANCE
  2389 | D:3      | 2389 ||| STAIRDANCE
  2435 | D:3      | Reached XP level 4. HP: 32/35 MP: 5/5
  2455 | D:3      | 2455 ||| STAIRDANCE
  2538 | D:3      | 2538 ||| Stepping ~*~*~tactically~*~*~ (hiding).
  2546 | D:3      | 2546 ||| Stepping ~*~*~tactically~*~*~ (outnumbered).
  2548 | D:3      | 2548 ||| Stepping ~*~*~tactically~*~*~ (outnumbered).
  2555 | D:3      | HP: 3/35 [orc priest/divine providence (12)]
  2556 | D:3      | 2556 ||| DRINKING potion of heal wounds.
  2565 | D:3      | HP: 6/35 [orc priest/+0 dagger (3)]
  2570 | D:3      | HP: 3/35 [orc/+0 falchion (1)]
  2571 | D:3      | HP: 1/35 [orc priest/+0 dagger (2)]
  2571 | D:3      | Slain by an orc

Levels and vault maps discovered:
D:1:      lightli_arrival_windingriver, layout_loops_ring,
          ebering_ecumenical_altar_rust
D:2:      layout_loops_ring, minmay_misc_feat_rugged,
          dreamdust_princess_corridor
D:3:      layout_rooms, kennysheep_minor_cross, lemuel_flame_loot_1,
          uniq_terence

Skill      XL: |  1  2  3 |
---------------+----------+-----
Unarmed Combat | 1 2 3 |  3.6
Fighting       | 1 |  1.0
Dodging        | |  1.7
Stealth        | |  2.1
Spellcasting   | |  1.7
Conjurations   | |  0.7
Fire Magic     | |  2.4

Action                   |  1- 3 |  4- 6 || total
-------------------------+-------+-------++-------
Melee: Unarmed           |   142 |    34 ||   176
       Punch             |     2 |     2 ||     4
  Use: Scroll            |     8 |       ||     8
       Potion            |     3 |     1 ||     4
 Stab: Sleeping          |     1 |       ||     1
Armor: Robe              |     9 |       ||     9
       Ring mail         |    16 |       ||    16
       Scale mail        |     5 |    21 ||    26
Dodge: Dodged            |    62 |    29 ||    91

Table legend:
 A = Non-vault XP
 B = Vault XP
 C = Vault XP percentage of total XP
 D = Non-vault monster count
 E = Vault monster count
 F = Vault count percentage of total count
                 A         B        C        D         E       F
            +---------+---------+-------+---------+---------+-------
      Total |      87 |       0 |   0.0 |      42 |       0 |   0.0
            +---------+---------+-------+---------+---------+-------
        D:1 |      36 |       0 |   0.0 |      22 |       0 |   0.0
        D:2 |      45 |       0 |   0.0 |      18 |       0 |   0.0
        D:3 |       6 |       0 |   0.0 |       2 |       0 |   0.0
            +---------+---------+-------+---------+---------+-------
